Map: Chantier naval orbital

Players

AgCl

  • Race: Protoss Protoss
  • League: Grandmaster

Mayhem - Winner!

  • Race: Zerg Zerg
  • League: Grandmaster

VOD

Have the link to the VOD?

Description

Time

  • Played on: July 14, 2015, 2:04 a.m.
  • Length: 6:43
Show
View Real Time Build Order
Export as new Build Order

AgCl Protoss 

Build Orders: Oracle Opening, Carrier Rush 

Get SALT Encoding   

  12  0:14  Probe  
  12  0:16  Pylon  
  13  0:26  Probe  
  14  0:38  Probe  
  15  0:43  Gateway  
  15  0:45  Assimilator  
  15  0:50  Probe  
  16  0:59  Pylon  
  16  1:03  Probe (Chrono Boost)  
  17  1:15  Probe (Chrono Boost)  
  18  1:23  Probe (Chrono Boost), Assimilator  
  19  1:31  Zealot (Chrono Boost)  
  19  1:32  Probe (Chrono Boost)  
  22  1:39  Probe (Chrono Boost)  
  23  1:41  Cybernetics Core  
  23  1:49  Probe  
  24  2:01  Probe  
  26  2:17  Nexus  
  26  2:21  Pylon  
  26  2:26  Stargate  
  26  2:27  Probe  
  26  2:39  Probe  
  25  2:52  Mothership Core (Chrono Boost)  
  27  3:01  Gateway  
  27  3:02  Pylon  
  27  3:06  Probe (Chrono Boost)  
  27  3:12  Oracle (Chrono Boost)  
  31  3:17  Warp Gate (Chrono Boost)  
  31  3:18  Probe (Chrono Boost)  
  32  3:27  Assimilator  
  32  3:30  Probe (Chrono Boost)  
  34  3:36  Probe (Chrono Boost)  
  34  3:38  Probe (Chrono Boost)  
  35  3:43  Probe  
  35  3:47  Probe  
  37  3:55  Probe  
  42  3:57  Adept (Chrono Boost)  
  42  3:59  Probe, Adept (Chrono Boost), Forge  
  43  4:07  Probe, Assimilator  
  44  4:11  Probe (Chrono Boost)  
  45  4:23  Probe x2 (Chrono Boost)  
  47  4:31  Fleet Beacon  
  48  4:33  Probe (Chrono Boost)  
  48  4:34  Probe (Chrono Boost)  
  49  4:40  Probe  
  49  4:43  Probe (Chrono Boost)  
  51  4:52  Pylon  
  51  4:53  Pylon  
  51  4:58  Probe (Chrono Boost), Carrier (Chrono Boost)  
  52  5:10  Probe x2  
  54  5:17  Nexus, Pylon  
  54  5:19  Pylon  
  60  5:22  Probe  
  60  5:24  Probe  
  62  5:34  Probe  
  63  5:40  Graviton Catapult  
  63  5:43  Probe  
  63  5:46  Probe, Pylon  
  65  6:02  Stargate  
  65  6:04  Photon Cannon, Assimilator  
  65  6:07  Probe  
  65  6:11  Pylon  
Show
View Real Time Build Order
Export as new Build Order

Mayhem Zerg - Winner!

Build Orders: Hatch First 

Get SALT Encoding   

  12  0:01  Drone  
  13  0:08  Drone  
  14  0:19  Drone, Extractor  
  14  0:23  Drone, Extractor  
  16  0:29  Overlord  
  16  0:47  Drone x2  
  18  0:57  Hatchery  
  18  0:59  Drone  
  18  1:03  Extractor  
  17  1:14  Spawning Pool  
  17  1:16  Drone  
  17  1:19  Drone  
  18  1:27  Drone  
  19  1:37  Drone  
  20  1:44  Hatchery  
  19  1:52  Drone  
  20  2:00  Queen  
  22  2:08  Queen  
  22  2:13  Drone  
  25  2:16  Metabolic Boost  
  25  2:22  Zergling x4  
  27  2:24  Zergling x2  
  28  2:30  Overlord  
  27  2:55  Drone  
  27  2:56  Drone x5  
  33  3:00  Drone  
  34  3:12  Drone x2  
  36  3:18  Lair  
  36  3:20  Extractor  
  35  3:37  Drone x2  
  35  3:38  Drone x5  
  35  3:40  Extractor  
  41  3:42  Extractor  
  39  3:52  Spore Crawler  
  39  3:54  Drone x4, Spore Crawler  
  39  3:55  Drone  
  41  4:01  Overlord  
  41  4:02  Drone  
  41  4:03  Drone  
  42  4:19  Queen  
  42  4:23  Drone x2  
  42  4:24  Drone x3  
  48  4:29  Hydralisk Den  
  47  4:33  Overlord  
  47  4:34  Overlord x2  
  47  4:42  Drone  
  47  4:43  Drone x2  
  50  4:54  Drone x3  
  53  5:02  Hydralisk x4, Muscular Augments  
  61  5:10  Nydus Network  
  60  5:17  Hydralisk  
  60  5:18  Hydralisk x2  
  60  5:21  Overlord  
  66  5:22  Hydralisk  
  68  5:33  Overlord  
  68  5:34  Hydralisk x2  
  72  5:53  Nydus Canal  
  72  5:57  Hydralisk  
  72  5:58  Hydralisk x3  
  72  5:59  Zergling x2  
  72  6:00  Zergling x10  
  72  6:04  Zergling x6  
Tags
 
Add a new tag
Caveats
  • Supply blocks, unpowered buildings, or Contaminate may cause inaccurate times.
  • Supply counts are checked every 10 seconds.